 Dungeon Crawl Stone Soup version 0.32-a0-422-g28b100f618 (webtiles) character file.

Game seed: 12866333409554841495

340 zeratav the Cleaver (level 6, -3/51 HPs)
             Began as a Minotaur Fighter on Feb 21, 2024.
             Slain by Duvessa
             ... wielding a +0 short sword
              (12 damage)
             ... on level 4 of the Dungeon.
             The game lasted 00:03:13 (2292 turns).

zeratav the Cleaver (Minotaur Fighter)              Turns: 2292, Time: 00:03:13

Health: -3/51      AC:  8    Str: 22    XL:     6   Next: 30%
Magic:  5/5        EV:  9    Int:  5    God:
Gold:   137        SH:  5    Dex: 16    Spells: 5/5 levels left

rFire   . . .        a - +0 war axe {axe}
rCold   . . .        c - +0 buckler
rNeg    . . .        b - +0 scale mail
rPois   .            n - +2 hat
rElec   .            (no cloak)
rCorr   .            (no gloves)
SInv    .            (no boots)
Will    .....        (no amulet) Stlth
                     o - +6 ring of dexterity
HPRegen 0.28/turn    (no ring)
MPRegen 0.09/turn

%: no passive effects
@: mighty
A: horns 2, retaliatory headbutt
a: no special abilities


You were on level 4 of the Dungeon.
You visited 1 branch of the dungeon, and saw 4 of its levels.

You collected 137 gold pieces.


Innate Abilities, Weirdness & Mutations

You have a pair of horns on your head.
You reflexively headbutt those who attack you in melee.


   Skills:
 - Level 3.6 Fighting
 + Level 8.1 Axes
 - Level 3.6 Armour
 - Level 3.6 Shields


You had 5 spell levels left.
You didn't know any spells.
Your spell library contained the following spells:

 Spells                   Type           Power      Damage    Failure   Level
 Apportation              Tloc           0%         N/A       86%         1
 Necrotise                Necr           0%         1d4       86%         1
 Sting                    Conj/Alch      0%         1d3       86%         1
 Summon Small Mammal      Summ           0%         N/A       86%         1
 Lesser Beckoning         Tloc           0%         N/A       95%         2
 Gell's Gravitas          Tloc           0%         N/A       99%         3
 Teleport Other           Tloc           0%         N/A       99%         3

Inventory:

Hand Weapons
 a - a +0 war axe (weapon) {axe}
 m - a +0 dagger of flaming {short}
   (You took it off Dowan on level 4 of the Dungeon)
Armour
 b - a +0 scale mail (worn)
 c - a +0 buckler (worn)
 n - a +2 hat (worn)
   (You found it on level 2 of the Dungeon)
Jewellery
 o - a +6 ring of dexterity (left hand)
   (You found it on level 2 of the Dungeon)
Scrolls
 e - 2 scrolls of teleportation {unknown}
 f - a scroll of enchant weapon {unknown}
 i - 2 scrolls of enchant armour {unknown}
 j - 5 scrolls of identify {unknown}
 k - a scroll of immolation {unknown}
 l - a scroll of poison {unknown}
 s - 4 scrolls of revelation {unknown}
Potions
 g - a potion of resistance {unknown}
 h - a potion of curing {@q1}
 p - a potion of enlightenment {unknown}
 q - a potion of heal wounds {unknown}
 r - 2 potions of lignification {unknown}
 t - a potion of attraction {unknown}

Dungeon Overview and Level Annotations

Branches:
Dungeon (4/15) Zot: 21667
 Temple: D:4-7

Altars:
Cheibriados

Annotations:
D:3 1 runed translucent door, exclusion: downstairs, Crazy Yiuf
D:4 Duvessa

#............
............
.....!..... # .
.........# . ..
#........# ##.
#......... #..
#o........
#..##e.#.....# ..
#..@.##....# ...#
####.....#%.... ....
#.##..##.#.#......
##..#..##...#...... .
#......#...#.......
....
##.##..............
..#. #...#.............
....
##.....................
##............#.#.##..


You could see Duvessa (berserk) and an orc.


Message History

Things that are here:
a +0 robe; the elf corpse of Dowan HP[+1]
You start resting.
HP[+7]
Your hp is fully restored (51).
q - a glowing yellow potion
There is a stone staircase leading up here.
Things that are here:
a +0 robe; the elf corpse of Dowan An endoplasm comes into view.
The endoplasm quivers.
You see here a brown potion.
Unknown command.
The endoplasm closely misses you.
You hit the endoplasm.
The endoplasm hits you but does no damage.
You slash the endoplasm!
You kill the endoplasm!
No target in view!
t - a brown potion You see here 5 stones {throwing}.
You see here a staff of alchemy {staff}.
An adder comes into view.
The adder hisses angrily.
An adder is nearby!
You closely miss the adder. You block the adder's attack.
The adder bites you but does no damage.
You closely miss the adder. The adder bites you.
HP[-1]
You take 1 damage, and now have 50/51 hp.
You hit the adder. Your headbutt misses the adder. The adder barely misses you.
The adder closely misses you.
HP[+1]
Your hp is fully restored (51).
You closely miss the adder. You headbutt the adder.
You kill the adder!
No target in view!
No target in view!
No target in view!
No target in view!
No target in view!
No target in view!
No target in view!
No target in view!
No target in view!
No target in view!
No target in view!
No target in view!
s - 4 scrolls labelled ANURGHI GEVADUG (gained 3)
A hobgoblin comes into view.
The hobgoblin shouts!
A hobgoblin is nearby!
A hobgoblin is nearby!
A hobgoblin is nearby!
The hobgoblin hits you.
HP[-1]
You take 1 damage, and now have 50/51 hp.
You hit the hobgoblin but do no damage.
The hobgoblin hits you but does no damage.
You slash the hobgoblin!
You kill the hobgoblin!
HP[+1]
Your hp is fully restored (51).
No target in view!
No target in view!
Duvessa shouts!
Duvessa goes berserk!
You feel very mighty all of a sudden. Duvessa hits you with a +0 short sword!
HP[-9]
You take 9 damage, and now have 42/51 hp.
You slice Duvessa!! Duvessa barely misses you.
Duvessa hits you with a +0 short sword!
An orc comes into view. It is wielding a +0 falchion.
HP[-6]
You take 6 damage, and now have 36/51 hp.
You barely miss Duvessa.
The orc shouts!
Duvessa hits you but does no damage. x2
You closely miss Duvessa. Duvessa hits you with a +0 short sword.
Duvessa hits you with a +0 short sword!
* * * LOW HITPOINT WARNING * * *
HP[-12]
You take 12 damage, and now have 24/51 hp.
MASSIVE DAMAGE!! (PAUSE)
You are too injured to fight recklessly!
You hit Duvessa. Your headbutt misses Duvessa.
Duvessa hits you with a +0 short sword!
* * * LOW HITPOINT WARNING * * *
HP[-8]
You take 8 damage, and now have 16/51 hp.
You slash Duvessa! Duvessa hits you with a +0 short sword!
* * * LOW HITPOINT WARNING * * *
You block Duvessa's attack.
HP[-7]
You take 7 damage, and now have 9/51 hp.
You completely miss Duvessa. Duvessa closely misses you.
Duvessa hits you with a +0 short sword!
You die...

Skill      XL: |  1  2  3  4  5  6 |
---------------+-------------------+-----
Axes           | 3 4 5 6 7 8 |  8.1
Fighting       | |  3.6
Armour         | |  3.6
Shields        | |  3.6

Action                     |  1- 3 |  4- 6 || total
---------------------------+-------+-------++-------
  Melee: War axe           |    67 |    98 ||   165
         Headbutt          |     4 |    14 ||    18
    Use: Potion            |       |     2 ||     2
 Armour: Scale mail        |    52 |    80 ||   132
  Dodge: Dodged            |    39 |    39 ||    78
  Block: Buckler           |    12 |    22 ||    34

Levels and vault maps discovered:
D:1:      dpeg_arrival_short_road, layout_loops_cross
D:2:      minmay_roachtagon, layout_loops_cross, basic_altar, uniq_jessica
D:3:      layout_loops_cross, nicolae_ecumenical_snake_handling,
          serial_bayou_pond_d, uniq_crazy_yiuf_cottage
D:4:      layout_cave_pools, uniq_duvessa

Notes
Turn   | Place    | Note
-------+----------+-------------------------------------------
     0 | D:1      | zeratav the Minotaur Fighter began the quest for the Orb.
     0 | D:1      | Reached XP level 1. HP: 19/19 MP: 0/0
     0 | D:1      | magus.rc [v1.9.6]
    12 | D:1      | Reached skill level 3 in Axes
    15 | D:1      | Reached XP level 2. HP: 26/26 MP: 1/1
   132 | D:1      | Reached skill level 4 in Axes
   244 | D:1      | You pick up a book of Displacement and begin reading...
   244 | D:1      | You add the spells Lesser Beckoning, Gell's Gravitas and
                  | Teleport Other to your library.
   317 | D:1      | You pick up a book of Cantrips and begin reading...
   317 | D:1      | You add the spells Sting, Necrotise, Summon Small Mammal
                  | and Apportation to your library.
   350 | D:1      | Reached XP level 3. HP: 31/31 MP: 2/2
   639 | D:2      | Reached skill level 5 in Axes
   655 | D:2      | Reached XP level 4. HP: 30/39 MP: 3/3
   858 | D:2      | Reached skill level 6 in Axes
  1032 | D:2      | Found a snail-covered altar of Cheibriados.
  1044 | D:2      | Noticed Jessica
  1048 | D:2      | Killed Jessica
  1049 | D:2      | Reached XP level 5. HP: 42/45 MP: 4/4
  1393 | D:3      | Found a faded altar of an unknown god.
  1585 | D:3      | Reached skill level 7 in Axes
  1879 | D:3      | Found a runed translucent door.
  1880 | D:3      | Noticed Crazy Yiuf
  1916 | D:4      | HP: 4/45 [poisoned by a scorpion]
  1917 | D:4      | Reached XP level 6. HP: 4/51 MP: 5/5
  1996 | D:4      | Noticed Duvessa
  2085 | D:4      | Noticed Dowan
  2103 | D:4      | Killed Dowan
  2104 | D:4      | Reached skill level 8 in Axes
  2291 | D:4      | HP: 9/51 [Duvessa/+0 short sword (7)]
  2292 | D:4      | Slain by Duvessa

Vanquished Creatures
  A scorpion (D:4)
  Dowan (D:4)
  Jessica (D:2)
  6 adders
  3 ribbon worms
  2 dart slugs
  10 ball pythons
  6 bats
  8 endoplasms
  15 giant cockroaches
  2 goblins (D:1)
  6 hobgoblins
  5 jackals (D:1)
  3 quokkas
  3 frilled lizards
  4 kobolds
  4 rats
80 creatures vanquished.

Table legend:
 A = Non-vault XP
 B = Vault XP
 C = Vault XP percentage of total XP
 D = Non-vault monster count
 E = Vault monster count
 F = Vault count percentage of total count
                 A         B        C        D         E       F
            +---------+---------+-------+---------+---------+-------
      Total |     304 |     183 |  37.6 |      60 |      20 |  25.0
            +---------+---------+-------+---------+---------+-------
        D:1 |      73 |       0 |   0.0 |      25 |       0 |   0.0
        D:2 |      76 |      77 |  50.3 |      18 |      14 |  43.8
        D:3 |      40 |      36 |  47.4 |      10 |       5 |  33.3
        D:4 |     115 |      70 |  37.8 |       7 |       1 |  12.5
            +---------+---------+-------+---------+---------+-------

Skill      XL: |  1  2  3  4  5  6 |
---------------+-------------------+-----
Axes           | 3 4 5 6 7 8 |  8.1
Fighting       | |  3.6
Armour         | |  3.6
Shields        | |  3.6

Action                     |  1- 3 |  4- 6 || total
---------------------------+-------+-------++-------
  Melee: War axe           |    67 |    98 ||   165
         Headbutt          |     4 |    14 ||    18
    Use: Potion            |       |     2 ||     2
 Armour: Scale mail        |    52 |    80 ||   132
  Dodge: Dodged            |    39 |    39 ||    78
  Block: Buckler           |    12 |    22 ||    34

Illustrated notes

Table legend:
 A = Kills in this place as a percentage of kills in the entire game.
 B = Kills by you in this place as a percentage of kills by you in the entire game.
 C = Kills by friends in this place as a percentage of kills by friends in the entire game.
 D = Other kills in this place as a percentage of other kills in the entire game.
 E = Experience gained in this place as a percentage of experience gained in the entire game.
 F = Experience gained in this place divided by the number of levels of this place that you have seen.
                   A       B       C       D       E      F
               +-------+-------+-------+-------+-------+----------------------
         Total | 100.0 | 100.0 |   N/A |   N/A | 100.0 | 121.8
       Dungeon | 100.0 | 100.0 |   N/A |   N/A | 100.0 | 121.8
               +-------+-------+-------+-------+-------+----------------------

Table legend: (Time is in decaauts)
 A = Elapsed time spent in this place.
 B = Non-inter-level travel time spent in this place.
 C = Inter-level travel time spent in this place.
 D = Time resting spent in this place.
 E = Time spent auto-exploring this place.
 F = Levels seen in this place.
 G = Mean time per level.
                   A        B        C        D        E       F      G
               +--------+--------+--------+--------+--------+-----+--------+
         Total |   2331 |   2258 |     73 |    159 |   1678 |   4 |  582.8 |
       Dungeon |   2331 |   2258 |     73 |    159 |   1678 |   4 |  582.8 |
               +--------+--------+--------+--------+--------+-----+--------+

Top non-repeatable levels by time:
     D:2: 724 daAuts
     D:3: 678 daAuts
     D:1: 604 daAuts
     D:4: 324 daAuts
